[Event "World Senior chT-65 2019"]
[Site "Rhodes"]
[Date "2019.04.18"]
[Round "3.11"]
[White "Hurme, Harri"]
[Black "Hammar, Bengt"]
[Result "1-0"]
[ECO "E71"]
[WhiteElo "2148"]
[BlackElo "2206"]
[PlyCount "59"]
[EventDate "2019.04.16"]
[EventType "team-tourn"]
[EventCountry "GRE"]
[TimeControl "40/5400+30:1800+30"]

1. d4 Nf6 2. c4 g6 3. Nc3 Bg7 4. e4 d6 5. h3 O-O 6. Bg5 c5 7. d5 h6 8. Be3 e6 9. Bd3 exd5 10. exd5 Nbd7 11. Nf3 Re8 12. O-O Ne5 13. Nxe5 Rxe5 14. Qd2 Kh7 15. Bf4 Re8 16. Rae1 a6 17. a4 b6 18. g4 Ra7 19. Kg2 Rae7 20. f3 Qc7 21. h4 h5 22. g5 Nd7 23. Ne4 Be5 24. Bxe5 Rxe5 25. f4 R5e7 26. f5 Ne5 27. Nf6+ Kh8 28. Nxe8 Rxe8 29. fxg6 Qd7 30. Bf5 1-0

[Event "World Senior chT-65 2019"]
[Site "Rhodes"]
[Date "2019.04.18"]
[Round "3.12"]
[White "Hedin, Gunnar"]
[Black "Kivimaki, Jaakko"]
[Result "0-1"]
[ECO "A13"]
[WhiteElo "2195"]
[BlackElo "2165"]
[PlyCount "90"]
[EventDate "2019.04.16"]
[EventType "team-tourn"]
[EventCountry "GRE"]
[TimeControl "40/5400+30:1800+30"]

1. c4 e6 2. Nf3 Nf6 3. g3 c6 4. Bg2 d5 5. b3 b5 6. O-O Be7 7. Bb2 a5 8. cxb5 cxb5 9. a3 O-O 10. d3 Bb7 11. Nbd2 Qb6 12. e3 Nbd7 13. Qe2 b4 14. a4 Ba6 15. Rfc1 Rac8 16. Ne5 Nxe5 17. Bxe5 Nd7 18. Bd4 Qb7 19. e4 Bf6 20. Bxf6 Nxf6 21. exd5 exd5 22. Nf3 Rc3 23. Rxc3 bxc3 24. Qc2 Qb4 25. Rc1 d4 26. Nxd4 Qxd4 27. Qxc3 Qxc3 28. Rxc3 Rc8 29. Rxc8+ Bxc8 30. Kf1 Be6 31. Bc6 Bxb3 32. Ke2 Kf8 33. Ke3 Ke7 34. h4 Kd6 35. Bb5 Nd5+ 36. Kd4 Nc7 37. Kc3 Bd1 38. Bc4 Nd5+ 39. Kd4 Bf3 40. Bb3 f6 41. Kc4 Nc7 42. Kd4 Bc6 43. Kc3 Nd5+ 44. Kb2 Nb6 45. Ka3 Kc5 0-1

[Event "World Senior chT-65 2019"]
[Site "Rhodes"]
[Date "2019.04.18"]
[Round "3.13"]
[White "Birnboim, Nathan"]
[Black "Herzog, Adolf"]
[Result "1-0"]
[ECO "D16"]
[WhiteElo "2365"]
[BlackElo "2337"]
[PlyCount "81"]
[EventDate "2019.04.16"]
[EventType "team-tourn"]
[EventCountry "GRE"]
[TimeControl "40/5400+30:1800+30"]

1. d4 d5 2. c4 c6 3. Nf3 Nf6 4. Nc3 dxc4 5. a4 Bf5 6. e3 Na6 7. Bxc4 Nb4 8. O-O e6 9. a5 Be7 10. Bd2 O-O 11. Ne2 Bc2 12. Qc1 Be4 13. Ne5 Bd5 14. a6 Qb6 15. Nc3 Rfc8 16. Na4 Qc7 17. Bxb4 Bxb4 18. Bxd5 cxd5 19. Qxc7 Rxc7 20. axb7 Rxb7 21. Rfc1 g6 22. Rc6 a5 23. Kf1 Kg7 24. Ke2 Rab8 25. Rac1 Bf8 26. Nd3 Ne4 27. Ra6 Bb4 28. Rc2 h5 29. f3 Nf6 30. Ne5 Ne8 31. Nc6 Rc7 32. e4 dxe4 33. fxe4 Bf8 34. Nb6 Rbb7 35. Kd3 Bb4 36. h3 h4 37. Nc4 Nf6 38. N6xa5 Rb5 39. Nc6 Be1 40. Nd6 Rb3+ 41. Ke2 1-0

[Event "World Senior chT-65 2019"]
[Site "Rhodes"]
[Date "2019.04.18"]
[Round "3.14"]
[White "Petschar, Kurt"]
[Black "Berkovich, Mark A"]
[Result "1/2-1/2"]
[ECO "E19"]
[WhiteElo "2226"]
[BlackElo "2332"]
[PlyCount "58"]
[EventDate "2019.04.16"]
[EventType "team-tourn"]
[EventCountry "GRE"]
[TimeControl "40/5400+30:1800+30"]

1. d4 Nf6 2. c4 e6 3. Nf3 b6 4. g3 Bb7 5. Bg2 Be7 6. O-O O-O 7. Nc3 Ne4 8. Qc2 Nxc3 9. Qxc3 c5 10. Rd1 d6 11. b3 Nc6 12. Bb2 Bf6 13. Qd2 Qe7 14. d5 exd5 15. Bxf6 Qxf6 16. Qxd5 Rad8 17. Qg5 Qe6 18. Qd2 h6 19. Nh4 Rfe8 20. e3 g5 21. Bd5 Qf6 22. Nf3 Re7 23. Rac1 Na5 24. Bxb7 Nxb7 25. Kg2 Kg7 26. Qc2 Na5 27. Rd2 Nc6 28. Rcd1 Re6 29. h3 Ne7 1/2-1/2

[Event "World Senior chT-65 2019"]
[Site "Rhodes"]
[Date "2019.04.18"]
[Round "3.15"]
[White "Maryasin, Boris"]
[Black "Singer, Hans"]
[Result "1/2-1/2"]
[ECO "C54"]
[WhiteElo "2297"]
[BlackElo "2195"]
[PlyCount "50"]
[EventDate "2019.04.16"]
[EventType "team-tourn"]
[EventCountry "GRE"]
[TimeControl "40/5400+30:1800+30"]

1. e4 e5 2. Nf3 Nc6 3. Bc4 Bc5 4. c3 Nf6 5. d4 exd4 6. e5 d5 7. Bb5 Ne4 8. cxd4 Bb4+ 9. Bd2 Nxd2 10. Nbxd2 O-O 11. O-O Ne7 12. Nb3 Nf5 13. Bd3 g6 14. Rc1 Be7 15. Nc5 Ng7 16. Qb3 b6 17. Na6 Ne6 18. Nb4 Bxb4 19. Qxb4 c5 20. Qd2 Qe7 21. Rfe1 Bb7 22. h4 Rac8 23. h5 Kg7 24. g3 f5 25. Bf1 g5 1/2-1/2

[Event "World Senior chT-65 2019"]
[Site "Rhodes"]
[Date "2019.04.18"]
[Round "3.16"]
[White "Ager, Josef"]
[Black "Lederman, Leon"]
[Result "1-0"]
[ECO "A12"]
[WhiteElo "2122"]
[BlackElo "2281"]
[PlyCount "147"]
[EventDate "2019.04.16"]
[EventType "team-tourn"]
[EventCountry "GRE"]
[TimeControl "40/5400+30:1800+30"]

1. Nf3 d5 2. g3 Nf6 3. Bg2 c6 4. c4 Bf5 5. b3 e6 6. O-O h6 7. d3 Be7 8. Bb2 O-O 9. Nbd2 a5 10. a3 Nbd7 11. Re1 Nc5 12. Bc3 Bh7 13. b4 axb4 14. axb4 Na6 15. Qb3 dxc4 16. dxc4 Ne4 17. Nxe4 Bxe4 18. Red1 Qc8 19. Qb2 f6 20. c5 Nc7 21. Rxa8 Qxa8 22. Bh3 Rd8 23. Ra1 Qc8 24. Nd4 Bf8 25. f3 Bg6 26. e4 Bf7 27. Qe2 Qb8 28. Bf1 e5 29. Nf5 g6 30. Ne3 b6 31. Ng4 Bg7 32. Bd2 Kh7 33. Be3 bxc5 34. Bxc5 Nb5 35. Be7 Nd4 36. Qf2 Rd6 37. Bxd6 Qxd6 38. Ra7 Qe6 39. Kg2 h5 40. Ne3 Qb3 41. Qd2 Be6 42. Bd3 Kh8 43. Ra8+ Kh7 44. Nd1 Bg8 45. Ra1 Bf8 46. Rb1 Qa3 47. Qc3 Qa2+ 48. Qb2 Qa7 49. Nc3 h4 50. gxh4 Ne6 51. Ne2 Qe3 52. Ba6 Nc7 53. Ra1 Nxa6 54. Rxa6 Bc4 55. Rxc6 Bxe2 56. Rxf6 Be7 57. Rf7+ Kh6 58. Qxe5 Bxf3+ 59. Rxf3 Qe2+ 60. Kg3 Qe1+ 61. Kg2 Qe2+ 62. Rf2 Qg4+ 63. Qg3 Qxe4+ 64. Rf3 Qc2+ 65. Kh3 Qc8+ 66. Qg4 Qxg4+ 67. Kxg4 Bxb4 68. Rf6 Kg7 69. Rb6 Bc5 70. Rc6 Bd4 71. Re6 Bc3 72. Rc6 Bd4 73. h5 gxh5+ 74. Kxh5 1-0

[Event "World Senior chT-65 2019"]
[Site "Rhodes"]
[Date "2019.04.18"]
[Round "3.17"]
[White "Page, Mark E"]
[Black "Jones, Iolo C"]
[Result "1/2-1/2"]
[ECO "C42"]
[WhiteElo "2107"]
[BlackElo "2187"]
[PlyCount "72"]
[EventDate "2019.04.16"]
[EventType "team-tourn"]
[EventCountry "GRE"]
[TimeControl "40/5400+30:1800+30"]

1. e4 e5 2. Nf3 Nf6 3. Nxe5 d6 4. Nf3 Nxe4 5. Bd3 Nc5 6. Be2 d5 7. d4 Ne4 8. O-O Be7 9. c4 dxc4 10. Bxc4 O-O 11. Re1 Nd6 12. Bb3 Bf6 13. h3 Nf5 14. d5 Re8 15. Nc3 Nd6 16. Bf4 Rxe1+ 17. Qxe1 Nd7 18. Rc1 Nc5 19. Bc2 Bd7 20. b4 Na6 21. Ne4 Be7 22. Bd3 g6 23. Bxa6 bxa6 24. Nc5 a5 25. bxa5 Bf6 26. Ne5 Be8 27. Na6 g5 28. Bh2 Rc8 29. Ng4 Bb2 30. Rc2 Bg7 31. Nb4 Nb5 32. Nc6 Bxc6 33. dxc6 Nd4 34. Rc1 Qe8 35. Qxe8+ Rxe8 36. Kf1 Re6 1/2-1/2

[Event "World Senior chT-65 2019"]
[Site "Rhodes"]
[Date "2019.04.18"]
[Round "3.18"]
[White "Thornton, John D"]
[Black "James, Geoffrey H"]
[Result "1/2-1/2"]
[ECO "C60"]
[WhiteElo "2061"]
[BlackElo "2144"]
[PlyCount "35"]
[EventDate "2019.04.16"]
[EventType "team-tourn"]
[EventCountry "GRE"]
[TimeControl "40/5400+30:1800+30"]

1. e4 e5 2. Nf3 Nc6 3. Bb5 g6 4. O-O Bg7 5. c3 d6 6. d4 Bd7 7. Be3 Qe7 8. d5 Nd8 9. Bxd7+ Qxd7 10. c4 Nf6 11. Nc3 Ng4 12. Bd2 f5 13. Ne1 O-O 14. f3 Nf6 15. Bg5 Nf7 16. Bxf6 Bxf6 17. Nd3 f4 18. b4 1/2-1/2

[Event "World Senior chT-65 2019"]
[Site "Rhodes"]
[Date "2019.04.18"]
[Round "3.19"]
[White "Stokes, Michael"]
[Black "Bevan, Peter M"]
[Result "1-0"]
[ECO "B01"]
[WhiteElo "2092"]
[BlackElo "1920"]
[PlyCount "43"]
[EventDate "2019.04.16"]
[EventType "team-tourn"]
[EventCountry "GRE"]
[TimeControl "40/5400+30:1800+30"]

1. e4 d5 2. exd5 Qxd5 3. Nc3 Qd8 4. d4 Nf6 5. Nf3 Bf5 6. Bf4 c6 7. Bd3 Bxd3 8. Qxd3 e6 9. O-O Be7 10. Rad1 O-O 11. Rfe1 Nbd7 12. a3 Nd5 13. Be3 Qc7 14. Ne4 Nxe3 15. Rxe3 Nf6 16. Ne5 Rad8 17. Rh3 g6 18. Ng5 c5 19. c3 Qd6 20. f4 Kg7 21. Ngxf7 Rxf7 22. Rxh7+ 1-0

[Event "World Senior chT-65 2019"]
[Site "Rhodes"]
[Date "2019.04.18"]
[Round "3.20"]
[White "Harle, Bill"]
[Black "Hewson, Brian W R"]
[Result "1/2-1/2"]
[ECO "A46"]
[WhiteElo "1734"]
[BlackElo "2004"]
[PlyCount "57"]
[EventDate "2019.04.16"]
[EventType "team-tourn"]
[EventCountry "GRE"]
[TimeControl "40/5400+30:1800+30"]

1. d4 Nf6 2. Nf3 e6 3. g3 d5 4. Bg2 b5 5. O-O Bb7 6. a3 Nbd7 7. Nbd2 c5 8. e3 a5 9. Re1 Be7 10. c3 O-O 11. dxc5 Nxc5 12. Nb3 Qb6 13. Nxc5 Bxc5 14. Bd2 Be7 15. Qe2 Ne4 16. Ne5 Nxd2 17. Qxd2 Rfd8 18. Nd3 Bf6 19. Rac1 Rac8 20. b4 axb4 21. cxb4 Ra8 22. Qa2 Ra7 23. Rb1 Rda8 24. Rb3 Bc6 25. Nc5 Rd8 26. Rd3 g6 27. Red1 Rc8 28. Bh3 Be8 29. Bg2 1/2-1/2

[Event "World Senior chT-65 2019"]
[Site "Rhodes"]
[Date "2019.04.18"]
[Round "3.21"]
[White "Karason, Askell O"]
[Black "Harestad, Thor Geir"]
[Result "1-0"]
[ECO "A39"]
[WhiteElo "2252"]
[BlackElo "2200"]
[PlyCount "181"]
[EventDate "2019.04.16"]
[EventType "team-tourn"]
[EventCountry "GRE"]
[TimeControl "40/5400+30:1800+30"]

1. Nf3 Nf6 2. c4 c5 3. Nc3 g6 4. g3 Bg7 5. Bg2 O-O 6. O-O Nc6 7. d4 cxd4 8. Nxd4 Qa5 9. Nb3 Qh5 10. c5 {[%emt 0:17:07] A39: Symmetrical English vs ...g6: 4 Bg2 Bg7 5 Nf3 Nf6 6 0-0 0-0 7 d4} a5 11. a4 (11. Na4 d6 12. Nb6 Ra6 13. Nxc8 Rxc8 14. cxd6 exd6 15. a4 Rb6 16. h3 Qe5 17. Be3 Ra6 {0-1 (50) Nyzhnyk,I (2638)-So,W (2762) chess.com INT 2019}) 11... Rb8 $146 ({Predecessor:} 11... d5 12. cxd6 Rd8 13. Nb5 exd6 14. Nc7 Rb8 15. e4 Bg4 16. f3 Bh3 17. g4 Qh4 {0-1 (53) Erigaisi,A (2481)-Safarli,E (2653) Sharjah 2018}) 12. e4 Qxd1 13. Rxd1 b6 14. Bf4 e5 15. Be3 bxc5 16. Nxc5 Rxb2 17. Nb5 Ng4 18. Rd2 Rxd2 19. Bxd2 Rd8 20. Nb3 Bf8 21. h3 Nf6 22. Nxa5 Ba6 23. Nc7 Bd3 24. Nd5 Nxd5 25. exd5 Nd4 26. Nb7 Rb8 27. d6 e4 28. Nc5 Bxd6 29. Nxe4 Nb3 30. Ra2 Bxe4 31. Bxe4 Nxd2 32. Rxd2 Rb4 33. Bc2 Bc5 34. Rxd7 Rb2 35. Rd2 Ra2 36. Kg2 Kg7 37. Kf3 f5 38. Ke2 Ra3 39. Rd5 Bb4 40. Rb5 Bd6 41. Bb3 h5 42. Kd3 Ra1 43. Kc4 h4 44. gxh4 Rf1 45. a5 Bh2 46. h5 Rxf2 47. a6 Rf4+ 48. Kd5 Bg1 49. Rb7+ Kh6 50. hxg6 Kxg6 51. a7 Bxa7 52. Rxa7 Rf3 53. Bc2 Rf2 54. Rc7 Kg5 55. Ke5 Re2+ 56. Kd4 Rd2+ 57. Bd3 Rh2 58. Rh7 Ra2 59. Ke3 Ra3 60. Ke2 Kf4 61. Rf7 Ra2+ 62. Kf1 Ra1+ 63. Kf2 Ra2+ 64. Be2 Ra3 65. h4 Rh3 66. h5 Rh2+ 67. Ke1 Ke3 68. Re7+ Kf4 69. Kd2 Kg3 70. Rg7+ Kf4 71. Rg6 Ke4 72. Re6+ Kf4 73. h6 $2 (73. Kd3 $18 Rh3+ 74. Kd4) 73... Kg5 74. Ke3 Rxh6 75. Re8 Rh4 76. Rg8+ Kf6 77. Bf3 Ra4 78. Bc6 Ra1 79. Bb5 Rh1 80. Rd8 Ke5 81. Kf3 Rh3+ 82. Kf2 Rh2+ 83. Kg3 Rb2 84. Bd3 Rb6 85. Kf3 Rd6 86. Re8+ Re6 87. Ra8 Rd6 88. Bc2 Rd5 89. Rf8 Kd6 $16 90. Kf4 Ke7 91. Rc8 1-0

[Event "World Senior chT-65 2019"]
[Site "Rhodes"]
[Date "2019.04.18"]
[Round "3.22"]
[White "Melkeraen, Terje"]
[Black "Gudmundsson, Kristjan"]
[Result "0-1"]
[ECO "E80"]
[WhiteElo "2006"]
[BlackElo "2268"]
[PlyCount "60"]
[EventDate "2019.04.16"]
[EventType "team-tourn"]
[EventCountry "GRE"]
[TimeControl "40/5400+30:1800+30"]

1. d4 Nf6 2. c4 g6 3. Nc3 Bg7 4. e4 d6 5. f3 e5 6. d5 Nh5 7. Be3 f5 8. Qd2 f4 9. Bf2 Bf6 10. Nge2 Bh4 11. g3 Bg5 12. g4 Bxg4 13. fxg4 f3 14. Be3 Bxe3 15. Qxe3 fxe2 16. Nxe2 Qh4+ 17. Kd2 Nf4 18. Qg3 g5 19. Qxh4 gxh4 20. Nxf4 exf4 21. e5 Nd7 22. e6 Ne5 23. Bd3 Ke7 24. b3 Rag8 25. Bf5 h5 26. Raf1 hxg4 27. Rxf4 g3 28. Bh3 Rf8 29. Ke3 Rxf4 30. Kxf4 Nd3+ 0-1

[Event "World Senior chT-65 2019"]
[Site "Rhodes"]
[Date "2019.04.18"]
[Round "3.23"]
[White "Halldorsson, Bragi"]
[Black "Johnsen, Oystein"]
[Result "0-1"]
[ECO "D15"]
[WhiteElo "2112"]
[BlackElo "1986"]
[PlyCount "110"]
[EventDate "2019.04.16"]
[EventType "team-tourn"]
[EventCountry "GRE"]
[TimeControl "40/5400+30:1800+30"]

1. d4 d5 2. c4 c6 3. Nc3 Nf6 4. Nf3 a6 5. e3 Bf5 6. b3 e6 7. Be2 h6 8. O-O Bd6 9. Ne5 O-O 10. f4 Ne4 11. Bb2 Nd7 12. Bd3 Ndf6 13. c5 Bc7 14. b4 Nxc3 15. Bxc3 Bxd3 16. Qxd3 Ne4 17. a4 Bxe5 18. dxe5 f5 19. exf6 Nxc3 20. fxg7 Kxg7 21. Qxc3+ Qf6 22. Qd4 Rfe8 23. Ra2 e5 24. Qd3 e4 25. Qd1 Rad8 26. Rd2 Qc3 27. Qa1 d4 28. Qxc3 dxc3 29. Rc2 Rd3 30. Rfc1 Rxe3 31. Rxc3 Rxc3 32. Rxc3 e3 33. Kf1 Re4 34. g3 Rxb4 35. Rxe3 Kf6 36. Kg2 Rxa4 37. Rb3 Rc4 38. Rxb7 Rxc5 39. g4 a5 40. Ra7 h5 41. g5+ Kf5 42. Rf7+ Kg6 43. Rd7 a4 44. Ra7 Rc4 45. Kf3 Kf5 46. Rf7+ Kg6 47. Ra7 Kf5 48. Rf7+ Kg6 49. Rf6+ Kg7 50. Rd6 a3 51. f5 Ra4 52. Rd7+ Kf8 53. g6 Ke8 54. Rh7 a2 55. f6 a1=Q 0-1

[Event "World Senior chT-65 2019"]
[Site "Rhodes"]
[Date "2019.04.18"]
[Round "3.24"]
[White "Bjorgvik, Jan Arne"]
[Black "Kristinsson, Jon"]
[Result "0-1"]
[ECO "C50"]
[WhiteElo "1779"]
[BlackElo "2094"]
[PlyCount "84"]
[EventDate "2019.04.16"]
[EventType "team-tourn"]
[EventCountry "GRE"]
[TimeControl "40/5400+30:1800+30"]

1. e4 e5 2. Nf3 Nc6 3. Bc4 Bc5 4. O-O Nf6 5. Nc3 d6 6. h3 O-O 7. d3 Be6 8. Bg5 h6 9. Bh4 Nd4 10. Nxd4 Bxd4 11. Qf3 g5 12. Bg3 Bxc4 13. dxc4 Bxc3 14. bxc3 Qe7 15. h4 Qe6 16. Qd3 Qg4 17. Qf3 Qxf3 18. gxf3 Nd7 19. Rab1 b6 20. a4 a5 21. Rb3 Nc5 22. Ra3 f5 23. hxg5 hxg5 24. Re1 f4 25. Bh2 Kg7 26. Kg2 Rh8 27. Bg1 Rh4 28. Kf1 Kf6 29. Raa1 Rg8 30. Ke2 Rh1 31. Rf1 Rgh8 32. Rfe1 R8h3 33. Ra3 Kg6 34. Rd1 g4 35. fxg4 Nxe4 36. Rd3 Ng5 37. Kf1 Nf3 38. Rxf3 Rxf3 39. Kg2 Rhh3 40. c5 Rxc3 41. Rxc3 Rxc3 42. cxb6 cxb6 0-1

[Event "World Senior chT-65 2019"]
[Site "Rhodes"]
[Date "2019.04.18"]
[Round "3.25"]
[White "Rooze, Jan"]
[Black "Boehnisch, Manfred"]
[Result "1/2-1/2"]
[ECO "A11"]
[WhiteElo "2261"]
[BlackElo "2287"]
[PlyCount "49"]
[EventDate "2019.04.16"]
[EventType "team-tourn"]
[EventCountry "GRE"]
[TimeControl "40/5400+30:1800+30"]

1. Nf3 d5 2. c4 c6 3. e3 Nf6 4. Nc3 Bg4 5. Qb3 Qb6 6. cxd5 Qxb3 7. axb3 Bxf3 8. gxf3 Nxd5 9. Nxd5 cxd5 10. d4 e6 11. Bd2 Nc6 12. Ra4 Bd6 13. b4 Kd7 14. b5 Ne7 15. Bd3 b6 16. Ke2 Kc7 17. f4 Kb7 18. Rha1 f5 19. f3 Rhf8 20. Be1 Rf6 21. Bg3 Rf7 22. Kf2 Bc7 23. Kg2 Bd6 24. Kh1 Rff8 25. Kg2 1/2-1/2

[Event "World Senior chT-65 2019"]
[Site "Rhodes"]
[Date "2019.04.18"]
[Round "3.26"]
[White "Beltz, Robert"]
[Black "Van de Wynkele, Herman"]
[Result "1-0"]
[ECO "A21"]
[WhiteElo "2158"]
[BlackElo "2129"]
[PlyCount "58"]
[EventDate "2019.04.16"]
[EventType "team-tourn"]
[EventCountry "GRE"]
[TimeControl "40/5400+30:1800+30"]

1. Nf3 g6 2. g3 Bg7 3. c4 e5 4. Nc3 f5 5. d3 Ne7 6. Bg2 O-O 7. O-O h6 8. Bd2 g5 9. b4 Ng6 10. Rb1 Nc6 11. Nd5 f4 12. Bc3 g4 13. Nd2 Nd4 14. Be4 c6 15. Bxd4 exd4 16. Bxg6 cxd5 17. cxd5 Qg5 18. Be4 d6 19. Nc4 h5 20. Nxd6 h4 21. Bg2 Bf5 22. Qd2 Be5 23. Nc4 Bd7 24. b5 Qf6 25. Be4 Qg7 26. a4 hxg3 27. fxg3 fxg3 28. hxg3 Bxg3 29. Kg2 Bh4 1-0

[Event "World Senior chT-65 2019"]
[Site "Rhodes"]
[Date "2019.04.18"]
[Round "3.27"]
[White "Van Herck, Marcel"]
[Black "Baumbach, Friedrich"]
[Result "1/2-1/2"]
[ECO "D37"]
[WhiteElo "2066"]
[BlackElo "2089"]
[PlyCount "107"]
[EventDate "2019.04.16"]
[EventType "team-tourn"]
[EventCountry "GRE"]
[TimeControl "40/5400+30:1800+30"]

1. d4 d5 2. c4 e6 3. Nc3 Nf6 4. Nf3 Be7 5. Bf4 O-O 6. e3 c5 7. dxc5 Qa5 8. Nd2 dxc4 9. Nxc4 Qxc5 10. Bd6 Bxd6 11. Qxd6 Na6 12. Be2 Bd7 13. Qxc5 Nxc5 14. Ne5 Rfd8 15. O-O Be8 16. Rfd1 Kf8 17. Bf3 a5 18. Rd4 Rab8 19. Rad1 Ke7 20. Rxd8 Rxd8 21. Rxd8 Kxd8 22. Nc4 a4 23. Nd6 Kc7 24. Nxe8+ Nxe8 25. Bd1 a3 26. Nb5+ Kc6 27. Nxa3 b5 28. Kf1 Nd6 29. Ke2 e5 30. f3 b4 31. Nb1 e4 32. Bc2 f5 33. Nd2 Kd5 34. a3 bxa3 35. bxa3 Nb5 36. Nb1 Kc4 37. Kd2 Nd6 38. Nc3 Nb3+ 39. Bxb3+ Kxb3 40. Nd5 Nc4+ 41. Ke2 Nxa3 42. Ne7 g6 43. Ng8 Nb5 44. Nf6 Nc3+ 45. Kd2 h6 46. Ng8 Nb1+ 47. Ke1 Kc2 48. fxe4 fxe4 49. Nxh6 Kd3 50. Ng4 g5 51. g3 Kc4 52. Nf6 Kd3 53. Kf2 Nc3 54. Ng4 1/2-1/2

[Event "World Senior chT-65 2019"]
[Site "Rhodes"]
[Date "2019.04.18"]
[Round "3.28"]
[White "Just, Joachim"]
[Black "Schrickx, Frank"]
[Result "1/2-1/2"]
[ECO "A03"]
[WhiteElo "1970"]
[BlackElo "1823"]
[PlyCount "114"]
[EventDate "2019.04.16"]
[EventType "team-tourn"]
[EventCountry "GRE"]
[TimeControl "40/5400+30:1800+30"]

1. f4 d5 2. e3 Nf6 3. Nf3 Bg4 4. Be2 e6 5. b3 Nbd7 6. Bb2 Bd6 7. O-O c6 8. Qe1 Qc7 9. d4 Ne4 10. Nbd2 Bb4 11. Qd1 Ndf6 12. Nxe4 Nxe4 13. Ne5 Bxe2 14. Qxe2 g6 15. c4 Bd6 16. Nd3 f5 17. c5 Bf8 18. b4 Bg7 19. a4 O-O 20. Nf2 Nf6 21. Bc3 Rfc8 22. Rfb1 Nd7 23. Nd3 b6 24. Be1 bxc5 25. bxc5 a5 26. Bh4 Rcb8 27. Qc2 Rxb1+ 28. Rxb1 Rb8 29. Rb3 Bf6 30. Be1 Bd8 31. Qb1 Rxb3 32. Qxb3 Kf7 33. Kf1 Qa7 34. Ke2 Ke8 35. Kf3 Qa6 36. h3 Bc7 37. Bh4 h5 38. g4 hxg4+ 39. hxg4 fxg4+ 40. Kxg4 Kf7 41. Bg5 Nf6+ 42. Bxf6 Kxf6 43. Kf3 Qa8 44. Nf2 Kf7 45. Qb1 Qh8 46. Qh1 Qxh1+ 47. Nxh1 Kf6 48. Kg4 Bd8 49. Nf2 Kf7 50. Nd3 Bc7 51. Ne1 Bd8 52. Nf3 Bf6 53. Kg3 Kg7 54. Kg4 Kf7 55. Ne5+ Bxe5 56. dxe5 Kg8 57. Kg5 Kg7 1/2-1/2

[Event "World Senior chT-65 2019"]
[Site "Rhodes"]
[Date "2019.04.18"]
[Round "3.29"]
[White "Scrimgour, Alan"]
[Black "Opl, Klaus"]
[Result "1/2-1/2"]
[ECO "C33"]
[WhiteElo "2087"]
[BlackElo "2188"]
[PlyCount "46"]
[EventDate "2019.04.16"]
[EventType "team-tourn"]
[EventCountry "GRE"]
[TimeControl "40/5400+30:1800+30"]

1. e4 e5 2. f4 exf4 3. Bc4 Nc6 4. d4 g5 5. Ne2 Bg7 6. O-O d6 7. c3 Nf6 8. Nd2 O-O 9. g3 Bh3 10. gxf4 Bxf1 11. Qxf1 d5 12. fxg5 dxc4 13. gxf6 Qxf6 14. Qxf6 Bxf6 15. Nxc4 Kh8 16. Bf4 Rg8+ 17. Kf2 Rae8 18. Kf3 Rg6 19. Ne3 Bg5 20. Bxc7 Bxe3 21. Kxe3 f5 22. Ng3 fxe4 23. Rf1 Rg7 {[%emt 0:11:44] Kxe4 [%clk 00:06:01] [%emt 00:01:01]} 1/2-1/2

[Event "World Senior chT-65 2019"]
[Site "Rhodes"]
[Date "2019.04.18"]
[Round "3.30"]
[White "Woeber, Friedrich"]
[Black "White, Alastair F"]
[Result "1-0"]
[ECO "B09"]
[WhiteElo "2114"]
[BlackElo "2108"]
[PlyCount "52"]
[EventDate "2019.04.16"]
[EventType "team-tourn"]
[EventCountry "GRE"]
[TimeControl "40/5400+30:1800+30"]

1. e4 d6 2. d4 Nf6 3. Nc3 g6 4. f4 Bg7 5. Nf3 O-O 6. Bd3 Nc6 7. O-O e5 8. fxe5 dxe5 9. d5 Ne7 10. Nxe5 c6 11. Bg5 cxd5 12. exd5 Qb6+ 13. Kh1 Nfxd5 14. Nxd5 Nxd5 15. Nxf7 Be6 16. Nh6+ Kh8 17. Qe2 Rae8 18. Rxf8+ Rxf8 19. Re1 Nb4 20. Bc4 Bxc4 21. Qxc4 Qf2 22. Rd1 Nxc2 23. h3 Ne1 24. Qd5 Qf1+ 25. Kh2 Bf6 26. Rxe1 Bg7 1-0

[Event "World Senior chT-65 2019"]
[Site "Rhodes"]
[Date "2019.04.18"]
[Round "3.31"]
[White "Bhopal, Raj"]
[Black "Strobel, Ferdinand"]
[Result "1/2-1/2"]
[ECO "B08"]
[WhiteElo "1900"]
[BlackElo "1974"]
[PlyCount "55"]
[EventDate "2019.04.16"]
[EventType "team-tourn"]
[EventCountry "GRE"]
[TimeControl "40/5400+30:1800+30"]

1. e4 d6 2. d4 Nf6 3. Nc3 g6 4. Nf3 Bg7 5. Be2 O-O 6. O-O c6 7. h3 b5 8. a3 a6 9. Be3 Nbd7 10. Qd2 Bb7 11. e5 Ne8 12. Bh6 Nc7 13. exd6 exd6 14. Bg5 Nf6 15. Rad1 Ne6 16. Bh4 Qc7 17. Bg3 a5 18. b4 axb4 19. axb4 Qd7 20. Rfe1 Nc7 21. Ng5 d5 22. Nf3 Ne4 23. Nxe4 dxe4 24. Ne5 Qe7 25. Bf1 Nd5 26. c3 Ra3 27. Rc1 f5 28. Nd3 1/2-1/2

[Event "World Senior chT-65 2019"]
[Site "Rhodes"]
[Date "2019.04.18"]
[Round "3.32"]
[White "Danner, Lambert"]
[Black "Dawson, Alastair"]
[Result "1-0"]
[ECO "A39"]
[WhiteElo "2013"]
[BlackElo "1817"]
[PlyCount "73"]
[EventDate "2019.04.16"]
[EventType "team-tourn"]
[EventCountry "GRE"]
[TimeControl "40/5400+30:1800+30"]

1. g3 g6 2. c4 c5 3. Nc3 Nc6 4. Bg2 Bg7 5. Nf3 Nf6 6. O-O O-O 7. d4 cxd4 8. Nxd4 Nxd4 9. Qxd4 d6 10. Qd2 Rb8 11. Rd1 b6 12. b3 Nd7 13. Bb2 Bb7 14. e4 Nc5 15. Re1 Qd7 16. Rad1 a5 17. h3 Bc6 18. Re2 Qb7 19. Nd5 Bxb2 20. Qxb2 Bxd5 21. Rxd5 Qc7 22. Qc1 Nd7 23. Qd2 a4 24. Kh2 axb3 25. axb3 Nc5 26. Qb2 b5 27. Qc3 bxc4 28. bxc4 Rfc8 29. e5 dxe5 30. Rexe5 Qa7 31. Qe3 Rb3 32. Rxc5 Rxe3 33. Rxc8+ Kg7 34. Rxe3 e6 35. c5 Qd7 36. Rb8 Qc7 37. Rb5 1-0

[Event "World Senior chT-65 2019"]
[Site "Rhodes"]
[Date "2019.04.18"]
[Round "3.33"]
[White "Vucenovic, Dragomir"]
[Black "Andersson, Kaj"]
[Result "1-0"]
[ECO "E01"]
[WhiteElo "2168"]
[BlackElo "2030"]
[PlyCount "108"]
[EventDate "2019.04.16"]
[EventType "team-tourn"]
[EventCountry "GRE"]
[TimeControl "40/5400+30:1800+30"]

1. d4 d5 2. Nf3 Nf6 3. g3 e6 4. Bg2 Bd6 5. O-O O-O 6. b3 c6 7. Bb2 Nbd7 8. Nbd2 Qc7 9. c4 Re8 10. Rc1 b6 11. Qc2 Ba6 12. cxd5 exd5 13. Qxc6 Qxc6 14. Rxc6 Bb4 15. a3 Bxd2 16. Nxd2 Rxe2 17. Rd1 Rae8 18. Rcc1 R2e7 19. a4 Nf8 20. Ba3 Rd7 21. Nf3 Ng6 22. h4 h5 23. Re1 Rxe1+ 24. Rxe1 Bd3 25. Ne5 Nxe5 26. dxe5 Ng4 27. Bd6 d4 28. Rd1 Bc2 29. Rxd4 Bxb3 30. f3 Nh6 31. f4 Nf5 32. Bh3 Nxd4 33. Bxd7 Ne2+ 34. Kf2 Nc3 35. Bb8 a5 36. f5 Bc2 37. e6 Bxf5 38. exf7+ Kxf7 39. Bxf5 Nxa4 40. Bc7 Kf6 41. Bc2 Nb2 42. Bxb6 Nc4 43. Bd4+ Ne5 44. Bc3 g6 45. Bxg6 Kxg6 46. Bxe5 Kf5 47. Bc3 a4 48. Bb2 Ke4 49. Kg2 Ke3 50. g4 hxg4 51. Kg3 Ke4 52. Kxg4 Kd5 53. Kg5 Ke6 54. Kg6 Kd5 1-0

[Event "World Senior chT-65 2019"]
[Site "Rhodes"]
[Date "2019.04.18"]
[Round "3.34"]
[White "Carlsten, Peter"]
[Black "Bhend, Edwin"]
[Result "1/2-1/2"]
[ECO "B12"]
[WhiteElo "2002"]
[BlackElo "2120"]
[PlyCount "93"]
[EventDate "2019.04.16"]
[EventType "team-tourn"]
[EventCountry "GRE"]
[TimeControl "40/5400+30:1800+30"]

1. e4 c6 2. d4 d5 3. f3 e6 4. Nc3 f5 5. Be3 Bb4 6. Nge2 Nh6 7. a3 Ba5 8. Qd2 Nf7 9. e5 Nd7 10. f4 Qe7 11. Nc1 a6 12. Be2 O-O 13. O-O Nh6 14. Nxd5 Qd8 15. Nc3 b5 16. Bf3 Bb7 17. Qf2 Bxc3 18. bxc3 Nb6 19. Nd3 Ng4 20. Qe2 Nd5 21. Bd2 Nh6 22. Nc5 Bc8 23. a4 Nf7 24. Kh1 g5 25. g3 g4 26. Bg2 h5 27. axb5 cxb5 28. c4 bxc4 29. Qxc4 h4 30. Bxd5 exd5 31. Qa4 Qb6 32. Kg2 Qh6 33. Rh1 Ra7 34. Rab1 Nh8 35. Qa5 Ng6 36. Qb6 Qg7 37. Qd6 Qf7 38. Rb6 Kh7 39. Ba5 Qg7 40. Rb8 Qh6 41. e6 Re8 42. Bd8 Bxe6 43. Bg5 Qf8 44. Qb6 Bf7 45. Re1 Rxb8 46. Qxa7 h3+ 47. Kf1 1/2-1/2